 Dungeon Crawl Stone Soup version 0.28.0-53-g5a82cb258f (webtiles) character file.

Game seed: 4942451805753319601

130 DemonSlayer the Firebug (level 4, -3/45 HPs)
             Began as a Demonspawn Fire Elementalist on July 22, 2022.
             Was a Follower of Cheibriados.
             Killed by divine providence
             ... invoked by an orc priest
              (8 damage)
             ... on level 3 of the Dungeon.
             The game lasted 00:05:52 (2557 turns).

DemonSlayer the Firebug (DsFE)                      Turns: 2557, Time: 00:05:53

Health: -3/45      AC: 22    Str: 11    XL:     4   Next: 90%
Magic:  6/7        EV:  2    Int: 20    God:    Cheibriados [*.....]
Gold:   59         SH:  0    Dex: 15    Spells: 4/8 levels left

rFire   . . .      SeeInvis .   c - +2 hand axe (elec)
rCold   . . .      Faith    .   (no shield)
rNeg    . . .      Spirit   .   (armour currently unavailable)
rPois   +          Reflect  .   (helmet currently unavailable)
rElec   .          Harm     .   (cloak currently unavailable)
rCorr   .          Rampage  .   (gloves currently unavailable)
Will    .....      NoTele   +   (boots currently unavailable)
Stlth   ++........              (no amulet)
HPRegen 0.15/turn               (no ring)
MPRegen 0.10/turn               (no ring)

@: tree-form, very slow
A: stationary, stasis, torment immunity, boosted hp, demonic magic 1, (demonic
touch 1)
a: Renounce Religion, Bend Time


You were on level 3 of the Dungeon.
You worshipped Cheibriados.
Cheibriados was aware of your devotion.
You were a tree.
You visited 1 branch of the dungeon, and saw 3 of its levels.

You collected 59 gold pieces.

Inventory:

Hand Weapons
 c - a +2 hand axe of electrocution (weapon)
 e - a +2 dagger of venom
Armour
 a - a +0 robe (melded)
 h - a +2 pair of gloves (melded)
Scrolls
 f - a scroll of silence {unknown}
 g - a scroll of enchant armour {unknown}
 j - a scroll of vulnerability {unknown}
Potions
 i - a potion of degeneration {unknown}


   Skills:
 + Level 0.2 Fighting
 + Level 0.8 Axes
 + Level 2.1 Dodging
 + Level 3.1 Stealth
 + Level 2.6 Spellcasting
 + Level 1.7 Conjurations
 + Level 3.3 Fire Magic


You had 4 spell levels left.
You knew the following spells:

 Your Spells              Type           Power      Damage    Failure   Level
a - Foxfire               Conj/Fire      48%        2x1d6     5%          1
b - Scorch                Fire           32%        2d6       5%          2
c - Slow                  Hex            8%         N/A       16%         1

Your spell library contained the following spells:

 Spells                   Type           Power      Damage    Failure   Level
 Conjure Flame            Conj/Fire      12%        6-21      16%         3
 Inner Flame              Hex/Fire       9%         N/A       22%         3
 Confusing Touch          Hex            2%         N/A       41%         3
 Vampiric Draining        Necr           2%         2d6       41%         3
 Flame Wave               Conj/Fire      12%        2d6       45%         4


Dungeon Overview and Level Annotations

Branches:
Dungeon (3/15)

Altars:
Cheibriados

Shops:
D:1 (


Innate Abilities, Weirdness & Mutations

You are a tree.
Your roots penetrate the ground, keeping you stationary.
You cannot be teleported.
You are immune to unholy pain and torment.
Your maximum health is greatly increased.
Your equipment is partially melded.
Spells you cast may paralyse adjacent enemies.
((Your touch may inflict minor irresistible damage on your foes.))


Message History

Unknown command.
The orc priest mumbles some strange prayers to Beogh against you.
Pain shoots through your body!
You bump into the rock wall.
The orc priest hits you but does no damage.
You're too confused to cast spells.
Okay, then.
You closely miss the orc priest. The orc priest misses you.
You're too confused to cast spells.
You bump into the rock wall.
The orc priest closely misses you.
You're too confused to cast spells.
You feel less confused. The orc priest closely misses you.
You conjure some foxfire!
Malevolent energies surge around you. The orc priest misses you.
You hit the orc priest.
The orc priest is moderately wounded.
The foxfire hits the orc priest.
The orc priest is heavily wounded.
The orc priest mumbles some strange prayers to Beogh against you.
Pain shoots through your body!
* * * LOW HITPOINT WARNING * * *
The orc priest mumbles some strange prayers to Beogh against you.
Pain shoots through your body!
* * * LOW HITPOINT WARNING * * *
It was a potion of lignification.
You turn into a tree.
Your +2 pair of gloves melds into your body.
Your +0 robe melds into your body.
Your roots penetrate the ground.
The orc priest hits you but does no damage.
You hit the orc priest but do no damage.
The orc priest is heavily wounded.
The orc priest looks braver for a moment.
You closely miss the orc priest.
The orc priest is heavily wounded.
The orc priest miscasts a cantrip.
You slash the orc priest!
The orc priest is almost dead.
The orc priest mumbles some strange prayers to Beogh against you.
Beogh smites you!
You die...

####### #....#..
#....#..####
#..........#####
#......###.#o..########
.......#.....#o#......#
#..........o.#.#♣#..#.#
#.####.......#.o....#.#
........#.#.####.##.#<#
#.§.##..o.#.# #.##.###
....###.#.#.# #...†#
...o....#.#.. ######
..o######.#.. .#.#
..#.#. .#o# ###.#.


You could see an orc priest.

Vanquished Creatures
  An orc priest (D:3)
  An orc wizard (D:3)
  3 adders
  A dart slug (D:1)
  An orc (D:3)
  8 bats
  3 endoplasms
  4 goblins
  7 hobgoblins
  6 ball pythons
  3 frilled lizards (D:2)
  3 kobolds
  6 rats
47 creatures vanquished.

Vanquished Creatures (others)
  54 foxfires
54 creatures vanquished.

Grand Total: 101 creatures vanquished

Notes
Turn   | Place    | Note
-------+----------+-------------------------------------------
     0 | D:1      | DemonSlayer the Demonspawn Fire Elementalist began the
                  | quest for the Orb.
     0 | D:1      | Reached XP level 1. HP: 13/13 MP: 3/3
    52 | D:1      | Found a faded altar of an unknown god.
   221 | D:1      | Found Buplur's Weapon Shop.
   352 | D:1      | Gained mutation: Spells you cast may paralyse adjacent
                  | enemies. [demonic ancestry]
   352 | D:1      | Reached XP level 2. HP: 19/19 MP: 0/5
  1122 | D:1      | Learned a level 2 spell: Scorch
  1124 | D:1      | Learned a level 1 spell: Slow
  1277 | D:2      | Gained mutation: Your touch may inflict minor irresistible
                  | damage on your foes. [demonic ancestry]
  1277 | D:2      | Reached XP level 3. HP: 24/24 MP: 6/6
  1816 | D:2      | Found a snail-covered altar of Cheibriados.
  1825 | D:2      | Became a worshipper of Cheibriados the Contemplative
  2512 | D:3      | Reached XP level 4. HP: 30/30 MP: 7/7
  2518 | D:3      | Reached * piety under Cheibriados
  2557 | D:3      | Killed from afar by an orc priest

Illustrated notes

Levels and vault maps discovered:
D:1:      dpeg_arrival_rhombus, layout_basic,
          shapermc_ecumenical_altar_starsandcircs, serial_shops,
          nicolae_shop_bloodbath_and_beyond
D:2:      kb_forest_paths, layout_basic, basic_altar, grunt_ministairs_6,
          amethyst_killhole
D:3:      layout_basic, st_stairs_10, nrook_loot_triangle

Skill      XL: |  1  2  3  4 |
---------------+-------------+-----
Fire Magic     | 3 |  3.3
Dodging        | 2 |  2.1
Stealth        | 2 3 |  3.1
Fighting       | |  0.2
Axes           | |  0.8
Spellcasting   | |  2.6
Conjurations   | |  1.7

Action                   |  1- 3 |  4- 6 || total
-------------------------+-------+-------++-------
Melee: Hand axe          |    43 |    12 ||    55
       Touch             |     5 |     3 ||     8
 Cast: Foxfire           |    33 |     3 ||    36
       Scorch            |     3 |     3 ||     6
  Use: Potion            |       |     2 ||     2
 Stab: Paralysed         |     6 |     4 ||    10
       Sleeping          |     4 |       ||     4
Armor: Robe              |    10 |     3 ||    13
       Skin              |       |     1 ||     1
Dodge: Dodged            |    29 |     6 ||    35
